Map: Frozen Temple

Players

Kelazhur - Winner!

  • Race: Terran Terran
  • League: Master

YSMS

  • Race: Protoss Protoss
  • League: Master

VOD

Have the link to the VOD?

Description

Time

  • Played on: May 21, 2016, 10:08 p.m.
  • Length: 6:28
Show
View Real Time Build Order
Export as new Build Order

Kelazhur Terran - Winner!

Build Orders: Cyclone Opening 

Get SALT Encoding   

  12  0:01  SCV  
  13  0:13  SCV  
  14  0:18  Supply Depot  
  14  0:25  SCV  
  15  0:40  Barracks, SCV  
  16  0:46  Refinery  
  16  0:52  SCV  
  16  0:56  Refinery  
  17  1:04  SCV  
  18  1:16  SCV  
  19  1:27  Reaper  
  19  1:28  Orbital Command  
  20  1:33  Supply Depot  
  20  1:44  Factory  
  20  1:56  SCV  
  20  2:00  Reaper  
  23  2:08  SCV  
  23  2:21  SCV  
  24  2:31  Factory Tech Lab  
  24  2:32  Starport  
  24  2:36  SCV  
  25  2:38  Supply Depot  
  25  2:48  SCV  
  25  2:50  Cyclone  
  29  2:55  Liberator  
  29  3:02  SCV  
  33  3:20  SCV  
  34  3:34  SCV  
  34  3:39  Supply Depot, Command Center, Cyclone  
  38  3:46  SCV  
  38  3:57  Starport Tech Lab  
  38  4:02  SCV  
  39  4:14  Barracks  
  39  4:15  Barracks, SCV  
  40  4:19  Banshee, Cloaking Field  
  43  4:27  SCV  
  43  4:28  Supply Depot  
  41  4:39  Marine  
  41  4:43  Factory Tech Lab  
  41  4:45  SCV  
  43  4:51  Orbital Command  
  43  4:59  Marine  
  44  5:02  SCV  
  44  5:06  Barracks Reactor  
  45  5:10  Banshee, Orbital Command  
  47  5:14  SCV  
  47  5:15  Marine  
  49  5:23  Marine  
  49  5:26  SCV  
  51  5:31  Refinery  
  51  5:32  Refinery, Marine  
  52  5:36  SCV  
  52  5:41  Marine  
  52  5:43  SCV  
  52  5:48  SCV  
  48  5:50  Marine  
  48  5:55  SCV  
  48  6:00  SCV  
  48  6:02  Marine x3  
  52  6:07  SCV  
  52  6:09  Marine  
  57  6:12  SCV  
Show
View Real Time Build Order
Export as new Build Order

YSMS Protoss 

Build Orders:  

Get SALT Encoding   

  12  0:01  Probe (Chrono Boost)  
  13  0:12  Probe (Chrono Boost)  
  14  0:17  Pylon  
  14  0:22  Probe (Chrono Boost)  
  15  0:35  Probe (Chrono Boost)  
  16  0:36  Gateway  
  16  0:46  Probe (Chrono Boost)  
  16  0:47  Assimilator  
  17  0:56  Probe (Chrono Boost)  
  18  1:07  Probe (Chrono Boost)  
  19  1:19  Gateway  
  19  1:23  Assimilator  
  20  1:25  Probe (Chrono Boost)  
  20  1:26  Cybernetics Core  
  20  1:33  Pylon  
  20  1:36  Probe (Chrono Boost)  
  22  1:47  Probe (Chrono Boost)  
  22  1:57  Probe (Chrono Boost)  
  23  2:02  Stalker (Chrono Boost)  
  24  2:22  Stalker (Chrono Boost)  
  22  2:33  Probe (Chrono Boost)  
  22  2:38  Warp Gate  
  22  2:45  Probe (Chrono Boost), Stalker  
  25  2:55  Probe (Chrono Boost)  
  26  3:06  Probe (Chrono Boost), Stalker  
  29  3:16  Probe (Chrono Boost)  
  30  3:27  Probe (Chrono Boost)  
  30  3:28  Stargate  
  30  3:33  Gateway  
  30  3:37  Probe (Chrono Boost)  
  31  3:49  Probe (Chrono Boost)  
  31  3:56  Pylon  
  31  3:58  Pylon  
  31  4:14  Mothership Core (Chrono Boost)  
  35  4:38  Oracle  
  31  4:48  Probe (Chrono Boost)  
  32  4:59  Probe (Chrono Boost)  
  32  5:07  Nexus  
  32  5:13  Probe (Chrono Boost)  
  33  5:24  Phoenix  
  33  5:25  Probe (Chrono Boost)  
  36  5:36  Probe (Chrono Boost)  
  37  5:44  Twilight Council  
  37  5:46  Probe (Chrono Boost)  
  34  5:57  Probe (Chrono Boost)  
Tags
 
Add a new tag
Caveats
  • Supply blocks, unpowered buildings, or Contaminate may cause inaccurate times.
  • Supply counts are checked every 10 seconds.